 Dungeon Crawl Stone Soup version 0.31-a0-700-gf13585253f (webtiles) character file.

Game seed: 7050727416985259920

506 Dirtsage the Ruffian (level 6, -1/59 HPs)
             Began as a Troll Shapeshifter on Sept 7, 2023.
             Slain by a hornet (3 damage)
             ... while paralysed by a hornet
             ... on level 5 of the Dungeon.
             The game lasted 00:05:07 (3441 turns).

Dirtsage the Ruffian (Troll Shapeshifter)           Turns: 3441, Time: 00:05:07

Health: -1/59      AC:  5    Str: 23    XL:     6   Next: 97%
Magic:  5/5        EV:  1    Int:  6    God:
Gold:   90         SH:  0    Dex: 11    Spells: 5/5 levels left

rFire   . .          .
                       - Unarmed
rCold   . . .        (no shield)
rNeg    . . .        a - +1 animal skin
rPois   .            (helmet currently unavailable)
rElec   .            (cloak currently unavailable)
rCorr   .            (gloves unavailable)
SInv    .            (boots unavailable)
Will    .....        (no amulet) Stlth
                     (no ring)
HPRegen 1.09/turn    (no ring)
MPRegen 0.09/turn

%: no passive effects
@: paralysed, lethally poisoned (-1 -> -8), beast-form, silenced, slowed
A: beast (slay +2), large, unfitting armour, claws 3, regeneration 1, shaggy fur
1, tough skin 1
a: Begin Untransformation


You were on level 5 of the Dungeon.
You were a hulking beast.
You visited 1 branch of the dungeon, and saw 5 of its levels.

You collected 179 gold pieces.
You spent 89 gold pieces at shops.

Inventory:

Armour
 a - a +1 animal skin (worn)
 q - a +0 cloak
Magical Staves
 k - a staff of conjuration
Jewellery
 n - a +6 ring of intelligence
 w - a ring of fire
Talismans
 c - a beast talisman (active)
 d - a flux talisman
 x - a flux talisman
Wands
 r - a wand of flame (15)
Scrolls
 e - 2 scrolls of noise
 f - a scroll of enchant armour
 i - a scroll of identify
 s - 2 scrolls of poison
 t - a scroll of teleportation
 y - a scroll of immolation
 B - a scroll of blinking
Potions
 b - a potion of lignification
 g - 2 potions of might {unknown}
 h - 3 potions of curing {unknown}
 j - a potion of invisibility {unknown}
 l - 3 potions of heal wounds
 m - 2 potions of ambrosia {unknown}
 o - a potion of haste {unknown}
 p - 3 potions of cancellation {unknown}
 u - a potion of attraction {unknown}
 z - a potion of degeneration {unknown}


   Skills:
 + Level 2.9 Fighting
 - Level 1.5 Dodging
 * Level 6.0 Unarmed Combat
 + Level 4.4 Shapeshifting


You had 5 spell levels left.
You didn't know any spells.
Your spell library contained the following spells:

 Spells                   Type           Power      Damage    Failure   Level
 Freeze                   Ice            0%         1d3       45%         1
 Sandblast                Erth           0%         2d4       45%         1
 Passwall                 Tmut/Erth      0%         N/A       58%         2
 Dazzling Flash           Conj/Hex       0%         N/A       83%         3
 Frozen Ramparts          Ice            0%         1d1       83%         3
 Hailstorm                Conj/Ice       0%         3d3       83%         3
 Ozocubu's Armour         Ice            0%         N/A       83%         3
 Stone Arrow              Conj/Erth      0%         3d7       83%         3
 Volatile Blastmotes      Fire/Tloc      0%         2d10      83%         3
 Fulminant Prism          Conj/Hex       0%         3d5       99%         4
 Iskenderun's Mystic Bla  Conj/Tloc      0%         2d3       99%         4
 Metabolic Englaciation   Hex/Ice        0%         N/A       100%        5
 Simulacrum               Ice/Necr       0%         N/A       100%        6
 Starburst                Conj/Fire      0%         6d3       100%        6
 Maxwell's Capacitive Co  Air            0%         ∞         100%        8


Dungeon Overview and Level Annotations

Branches:
Dungeon (5/15)
 Temple: D:4-7

Altars:
Dithmenos
Nemelex Xobeh

Shops:
D:3 ?*(


Innate Abilities, Weirdness & Mutations

You are a hulking beast.
Your limbs bulge with bestial killing power. (Slay +2)
You are too large for most types of armour.
You have claws for hands.
Your natural rate of healing is unusually fast.
You are covered in fur. (AC +1)
You have tough skin. (AC +1)


Message History

No target in view!
No target in view!
You pick up a book of Blasting and begin reading...
You add the spells Fulminant Prism and Iskenderun's Mystic Blast to your library.
Done exploring.
Done exploring.
No target in view!
No target in view!
There is a stone staircase leading down here.
You climb downwards.
There is a stone staircase leading up here.
You see here 6 stones.
You see here a +0 short sword.
You now have 90 gold pieces (gained 20).
i - 2 scrolls of identify (gained 1)
You see here 2 poisoned darts.
You pick up a book of Frost and begin reading...
You add the spells Freeze, Frozen Ramparts and Hailstorm to your library.
As you read the scroll of identify, it crumbles to dust.
v - a scroll of blinking;
B - a scroll of blinking
As you read the scroll labelled FEMOIPIMOL, it crumbles to dust.
A profound silence engulfs you.
It was a scroll of silence.
A hornet comes into view.
The hornet stings you!
You feel yourself slow down.
You take 14 damage, and have 45/59 hp.
MASSIVE DAMAGE!!
You closely miss the hornet. The hornet stings you!
You are poisoned.
You feel as though you will be slow longer.
The hornet stings you!
You are more poisoned.
You suddenly lose the ability to move!
* * * LOW HITPOINT WARNING * * *
You feel very sick.
The hornet stings you but does no damage.
* * * LOW HITPOINT WARNING * * *
You feel very sick. The hornet stings you!
* * * LOW HITPOINT WARNING * * *
You shrug off the repeated paralysis!
The hornet stings you.
You die...

######## ........
##..#...# #
..#...#..#####.#
..#...#...#..#...#
.#...#...#...#..#
#...#...#...#.hy#
..#...#...#...#...#
.#...#...#...#...#.....
#...#...#...#...#...#.##
..#...#...#...#...#...#
#...#...#...#...#...#.
..#...#...#...#...#...#
#...#...#...#...#...#.###
..#...#...#...#...#.....


You could see a hornet.

Vanquished Creatures
  2 scorpions (D:4)
  A jelly (D:4)
  2 orc priests (D:3)
  2 iguanas (D:4)
  An orc wizard (D:4)
  5 gnolls
  7 adders
  A white imp (D:4)
  A dart slug (D:2)
  15 orcs
  6 ball pythons
  5 endoplasms
  5 giant cockroaches
  6 goblins
  6 hobgoblins
  8 quokkas
  5 bats
  2 frilled lizards
  4 kobolds
  7 rats
91 creatures vanquished.

Notes
Turn   | Place    | Note
-------+----------+-------------------------------------------
     0 | D:1      | Dirtsage the Troll Shapeshifter began the quest for the
                  | Orb.
     0 | D:1      | Reached XP level 1. HP: 18/18 MP: 0/0
   301 | D:1      | Reached skill level 1 in Fighting
   372 | D:1      | Reached XP level 2. HP: 23/27 MP: 1/1
  1095 | D:2      | Reached XP level 3. HP: 33/33 MP: 2/2
  1271 | D:2      | Reached skill level 4 in Unarmed Combat
  1319 | D:2      | Reached XP level 4. HP: 23/41 MP: 3/3
  1656 | D:3      | Reached XP level 5. HP: 39/49 MP: 4/4
  1848 | D:3      | Found Rul Xih's Weapon Shoppe.
  1873 | D:3      | Found Nahuv's General Store.
  1881 | D:3      | Bought a potion of heal wounds for 65 gold pieces
  2134 | D:3      | Reached skill level 5 in Unarmed Combat
  2366 | D:3      | Found Idamm's Magic Scroll Shoppe.
  2374 | D:3      | Bought a scroll of identify for 24 gold pieces
  2645 | D:4      | Reached XP level 6. HP: 49/59 MP: 5/5
  2694 | D:4      | Found a shadowy altar of Dithmenos.
  2913 | D:4      | Identified the +4 short sword "Joceyhull" {freeze, rF-
                  | Str+4 Int-3 Dex+4}
  2967 | D:4      | Found a sparkling altar of Nemelex Xobeh.
  3223 | D:4      | Reached skill level 6 in Unarmed Combat
  3305 | D:5      | Entered Level 5 of the Dungeon
  3437 | D:5      | Noticed a hornet
  3439 | D:5      | Paralysed by a hornet for 3 turns
  3441 | D:5      | HP: 2/59 [hornet (9)]
  3441 | D:5      | Slain by a hornet

Illustrated notes

Levels and vault maps discovered:
D:1:      ncdulo_halloftheorcs, layout_basic
D:2:      layout_basic, st_stairs_14
D:3:      wad_woods_tower, layout_loops_ring, serial_shops, shop, shop,
          nicolae_shop_bloodbath_and_beyond, minmay_randomly_rotated_circles
D:4:      layout_basic, general_overflow_altar,
          mainiacjoe_overflow_six_doors_small, minivault_27
D:5:      layout_basic, hex_large, hangedman_decor_lopped, st_stairs_5

Skill      XL: |  1  2  3  4  5  6 |
---------------+-------------------+-----
Fighting       | 1 2 |  2.9
Unarmed Combat | 4 5 6 |  6.0
Shapeshifting  | 4 |  4.4
Dodging        | |  1.5

Action                     |  1- 3 |  4- 6 || total
---------------------------+-------+-------++-------
  Melee: Unarmed           |    64 |   129 ||   193
         Punch             |       |     4 ||     4
    Use: Scroll            |       |     8 ||     8
   Stab: Sleeping          |     1 |       ||     1
 Armour: Animal skin       |    34 |    86 ||   120
  Dodge: Dodged            |    25 |    52 ||    77

Table legend: (Time is in decaauts)
 A = Elapsed time spent in this place.
 B = Non-inter-level travel time spent in this place.
 C = Inter-level travel time spent in this place.
 D = Time resting spent in this place.
 E = Time spent auto-exploring this place.
 F = Levels seen in this place.
 G = Mean time per level.
                   A        B        C        D        E       F      G
               +--------+--------+--------+--------+--------+-----+--------+
         Total |   3424 |   3340 |     84 |    136 |   2766 |   5 |  684.8 |
       Dungeon |   3424 |   3340 |     84 |    136 |   2766 |   5 |  684.8 |
               +--------+--------+--------+--------+--------+-----+--------+

Top non-repeatable levels by time:
     D:3: 1028 daAuts
     D:2: 850 daAuts
     D:1: 746 daAuts
     D:4: 663 daAuts
     D:5: 136 daAuts
